 Dungeon Crawl Stone Soup version 0.29.0 (webtiles) character file.

Game seed: 6048356023190292478

4324 Dorkslayer the Cleaver (level 10, -1/89 HPs)
             Began as a Hill Orc Fighter on Sept 8, 2022.
             Was an Initiate of Gozag.
             Killed from afar by an electric eel (8 damage)
             ... with a bolt of electricity
             ... on level 8 of the Dungeon.
             The game lasted 00:20:54 (8514 turns).

Dorkslayer the Cleaver (Hill Orc Fighter)           Turns: 8514, Time: 00:20:54

Health: -1/89      AC: 17    Str: 24    XL:     10   Next: 33%
Magic:  10/10      EV:  7    Int: 14    God:    Gozag
Gold:   360        SH: 10    Dex: 10    Spells: 9/9 levels left

rFire   . . .      SeeInvis .   s - +0 broad axe
rCold   . . .      Faith    .   c - +0 buckler
rNeg    . . .      Spirit   .   i - +0 plate armour
rPois   .          Reflect  +   r - +0 helmet
rElec   .          Harm     .   n - +0 cloak
rCorr   +          Rampage  .   e - +0 pair of gloves
Will    .....                   m - +0 pair of boots
Stlth   ..........              l - amulet of reflection
HPRegen 0.24/turn               y - +6 ring of intelligence
MPRegen 0.12/turn               G - ring of resist corrosion

@: no status effects
A: no striking features
a: Renounce Religion, Potion Petition, Call Merchant, Bribe Branch


You were on level 8 of the Dungeon.
You worshipped Gozag.
Gozag was aware of your devotion.
You visited 2 branches of the dungeon, and saw 9 of its levels.

You collected 435 gold pieces.
You paid 75 gold pieces to Gozag.

Inventory:

Hand Weapons
 a - a +0 war axe
 o - a +0 war axe
 s - a +0 broad axe (weapon)
Missiles
 p - 8 javelins (quivered)
 u - a silver boomerang
Armour
 c - a +0 buckler (worn)
 e - a +0 pair of gloves (worn)
 i - a +0 plate armour (worn)
 m - a +0 pair of boots (worn)
 n - a +0 cloak (worn)
 r - a +0 helmet (worn)
Jewellery
 l - an amulet of reflection (around neck)
 y - a +6 ring of intelligence (left hand)
 G - a ring of resist corrosion (right hand)
Wands
 d - a wand of flame (12)
 q - a wand of roots (10)
Scrolls
 w - 2 scrolls of magic mapping
 A - 2 scrolls of blinking
 B - 3 scrolls of amnesia
 C - a scroll of enchant armour {unknown}
 H - a scroll of immolation {unknown}
 I - a scroll of brand weapon {unknown}
Potions
 b - a potion of degeneration {unknown}
 f - a potion of lignification {unknown}
 g - 2 potions of heal wounds
 h - 3 potions of cancellation
 j - 2 potions of curing {unknown}
 k - 3 potions of magic {unknown}
 t - 3 potions of haste {unknown}
 v - a potion of mutation {unknown}
 x - 3 potions of brilliance
 z - a potion of flight {unknown}
 D - a potion of might
 E - 2 potions of resistance
 F - a potion of invisibility {unknown}


   Skills:
 * Level 8.3 Fighting
 + Level 11.1 Axes
 + Level 0.2 Throwing
 + Level 6.2 Armour
 * Level 4.5 Dodging
 + Level 0.4 Stealth
 + Level 5.9 Shields
 * Level 5.5 Evocations


You had 9 spell levels left.
You didn't know any spells.
Your spell library was empty.

Dungeon Overview and Level Annotations

Branches:
Dungeon (8/15)             Temple (1/1) D:6
   Lair: D:8-11

Altars:
Cheibriados
Dithmenos
Elyvilon
Fedhas
Gozag
Hepliaklqana
Nemelex Xobeh
Okawaru
Qazlal
Ru
Sif Muna
Uskayaw
Vehumet
Wu Jian
Xom
Yredelemnul
Zin
The Shining One

Shops:
D:5 [


Message History

The hound is no longer distracted by gold.
The hound barks!
You slash the hound! The hound bites you but does no damage.
The hound barely misses you.
A komodo dragon comes into view.
You barely miss the hound. You hit the hound but do no damage.
The hound bites you but does no damage.
The hound is distracted by your dazzling golden aura.
The hound completely misses you.
The hound barks!
You miss the hound. You slash the hound!
You kill the hound!
The hound is distracted by your dazzling golden aura.
You miss the hound.
The hound is no longer distracted by gold.
The hound barks!
The hound bites you. You block the hound's attack.
You slice the hound!!
You kill the hound!
The komodo dragon is distracted by your dazzling golden aura.
Things that are here:
14 gold pieces; a +0 flail; a +0 chain mail An electric eel comes into view.
The komodo dragon is no longer distracted by gold.
The komodo dragon bites you!
The electric eel shoots out a bolt of lightning at you!
The bolt of electricity hits you.
You slash the komodo dragon!
The komodo dragon is moderately wounded.
The komodo dragon bites you!!
The electric eel shoots out a bolt of lightning at you!
The bolt of electricity hits you.
You barely miss the komodo dragon.
The komodo dragon is moderately wounded.
The komodo dragon bites you!!
* * * LOW HITPOINT WARNING * * *
The electric eel shoots out a bolt of lightning at you!
The bolt of electricity hits you!
You die...
Your body crumbles into a pile of gold.

#....#'#####.....#.....
##...#.....#.###.#.....
#...#.....'.#...#.....
#...#.....'.#._.#.....
#...#.###.'.#...#.....
#####$#...#.###.#.....
#...$$#...#.....#####.
#.....#...####### #.
#....@#....<...## #.
#....l........... #.
##........~....~. #.
#...~....S...~.... #.
#....~....~~.≈~~~.. #.
......~~.~.~≈≈≈≈.~. #.
$......~≈~≈≈≈≈≈~... +.
.......~~≈~≈h≈~~~~~ #.
.....~~~o.~.~.≈≈≈≈~


You could see a komodo dragon, a hound and an electric eel.

Vanquished Creatures
  5 yaks (D:5)
  A steam dragon (D:6)
  Duvessa (D:6)
  2 orc warriors
  2 ice beasts (D:5)
  A black bear (D:5)
  2 sky beasts
  4 ogres
  A centaur (D:5)
  2 wolves (D:8)
  3 phantoms
  Blork the orc (D:4)
  A bullfrog (D:8)
  A necrophage (D:7)
  2 gnoll sergeants
  3 scorpions (D:6)
  5 wights (D:6)
  Dowan (D:6)
  2 jellies
  5 orc priests
  Crazy Yiuf (D:2)
  4 hounds
  A gnoll bouda (D:7)
  Jessica (D:2)
  Ijyb (D:3)
  5 iguanas
  Natasha (thrice) (D:2)
  4 orc wizards
  Robin (D:3)
  10 gnolls
  11 adders
  2 shadow imps
  4 worms
  A dart slug (D:1)
  17 orcs
  2 ball pythons
  5 bats
  6 endoplasms
  4 giant cockroaches
  16 goblins
  12 hobgoblins
  3 jackals (D:4)
  6 quokkas
  7 frilled lizards
  8 kobolds
  7 rats
187 creatures vanquished.

Vanquished Creatures (others)
  14 plants
14 creatures vanquished.

Grand Total: 201 creatures vanquished

Notes
Turn   | Place    | Note
-------+----------+-------------------------------------------
     0 | D:1      | Dorkslayer the Hill Orc Fighter began the quest for the
                  | Orb.
     0 | D:1      | Reached XP level 1. HP: 19/19 MP: 1/1
   134 | D:1      | Reached XP level 2. HP: 15/27 MP: 2/2
   461 | D:1      | Reached skill level 3 in Axes
   502 | D:1      | Reached XP level 3. HP: 29/33 MP: 3/3
   655 | D:1      | Found a faded altar of an unknown god.
  1275 | D:2      | Noticed Natasha
  1291 | D:2      | Killed Natasha
  1292 | D:2      | Reached skill level 1 in Dodging
  1292 | D:2      | Reached XP level 4. HP: 9/41 MP: 4/4
  1588 | D:2      | Noticed Jessica
  1593 | D:2      | Killed Jessica
  1734 | D:2      | Noticed Natasha
  1745 | D:2      | Killed Natasha
  1746 | D:2      | Reached skill level 4 in Axes
  1746 | D:2      | Reached XP level 5. HP: 39/47 MP: 5/5
  1806 | D:2      | Found a runed translucent door.
  1807 | D:2      | Noticed Crazy Yiuf
  1818 | D:2      | Killed Crazy Yiuf
  2339 | D:2      | Noticed Natasha
  2348 | D:2      | Killed Natasha
  2349 | D:2      | Reached skill level 5 in Fighting
  2595 | D:3      | Reached XP level 6. HP: 56/56 MP: 6/6
  2708 | D:3      | Noticed Ijyb
  2724 | D:3      | Killed Ijyb
  2725 | D:3      | Reached skill level 1 in Evocations
  2791 | D:3      | Found a stormy altar of Qazlal.
  2899 | D:3      | Noticed Robin
  2909 | D:3      | Killed Robin
  3076 | D:4      | Noticed Blork the orc
  3083 | D:4      | Killed Blork the orc
  3084 | D:4      | Reached skill level 5 in Axes
  3095 | D:4      | Reached XP level 7. HP: 38/61 MP: 7/7
  3582 | D:4      | Found a white marble altar of Elyvilon.
  3601 | D:4      | Reached skill level 6 in Axes
  3961 | D:4      | Found a faded altar of an unknown god.
  3961 | D:4      | Found a sacrificial altar of Ru.
  3967 | D:4      | Found an ornate altar of the Wu Jian Council.
  3969 | D:4      | Found a glowing silver altar of Zin.
  3970 | D:4      | Found a radiant altar of Vehumet.
  4043 | D:5      | Entered Level 5 of the Dungeon
  4056 | D:5      | Reached XP level 8. HP: 50/70 MP: 8/8
  4368 | D:5      | Reached skill level 7 in Axes
  4750 | D:5      | Found a blossoming altar of Fedhas.
  5145 | D:5      | Reached skill level 8 in Axes
  5402 | D:5      | Found Ishkur's Dragon-Slaying Spoils.
  5490 | D:5      | Reached skill level 5 in Armour
  5876 | D:6      | Noticed a yak
  5879 | D:6      | Noticed a yak
  5883 | D:5      | Reached XP level 9. HP: 66/78 MP: 9/9
  5890 | D:5      | Reached skill level 9 in Axes
  6127 | D:5      | Reached skill level 5 in Shields
  6390 | D:6      | Found a staircase to the Ecumenical Temple.
  6407 | Temple   | Entered the Ecumenical Temple
  6548 | D:6      | Reached skill level 10 in Axes
  6934 | D:6      | Noticed Dowan
  6936 | D:6      | Noticed Duvessa
  6949 | D:6      | Reached XP level 10. HP: 29/87 MP: 10/10
  6949 | D:6      | Killed Duvessa
  6957 | D:6      | Killed Dowan
  7257 | D:6      | Found an opulent altar of Gozag.
  7257 | D:6      | Found a sparkling altar of Nemelex Xobeh.
  7265 | D:6      | Reached skill level 5 in Evocations
  7284 | D:6      | Became a worshipper of Gozag Ym Sagoz the Greedy
  8224 | D:8      | Found a basalt altar of Yredelemnul.
  8460 | D:8      | Found an iron altar of Okawaru.
  8488 | D:8      | Reached skill level 11 in Axes
  8514 | D:8      | Killed from afar by an electric eel

Illustrated notes

Levels and vault maps discovered:
D:1:      dpeg_arrival_prison, layout_rooms, basic_ecumenical_altar,
          skrybe_limestone_x, chequers_mini_garden
D:2:      layout_loops_ring, uniq_crazy_yiuf_cottage, uniq_jessica, uniq_natasha
D:3:      layout_rooms, nicolae_overflow_crystal_walls, minivault_4,
          hangedman_abyss_or_decor_lesser_grid, uniq_robin, uniq_ijyb
D:4:      layout_cave_pools, nicolae_elyvilon_temple_path,
          chequers_temple_overflow_minitemple, glass_columns_b,
          minmay_lizard_king, uniq_blork_the_orc
D:5:      layout_layer_cave, fedhas_altar_2, serial_bayou,
          serial_bayou_crossing, serial_bayou_shore_a, serial_bayou_pond_e,
          serial_bayou_lagoon_b, nicolae_shop_dragon_depot,
          kennysheep_opposing_triangles
D:6:      layout_rooms, grunt_temple_overflow_opulence,
          minmay_temple_entry_statues_pillars, minmay_between, uniq_duvessa
D:7:      layout_loops_ring
D:8:      layout_gridville, mainiacjoe_overflow_alcove_4,
          yredelemnul_altar_generic, nicolae_ashenzari_panopticon,
          mainiacjoe_overflow_brackets, erik_lair_island, kennysheep_cross_room
Temple:   hellmonk_temple_beads

Skill      XL: |  1  2  3  4  5  6  7  8  9 10 |
---------------+-------------------------------+-----
Fighting       | 4 5 6 7 8 |  8.3
Axes           | 3 4 5 6 8 10 11 | 11.1
Dodging        | 1 2 3 4 |  4.5
Armour         | 4 5 6 |  6.2
Evocations     | 1 2 3 4 5 |  5.5
Shields        | 4 5 |  5.9
Throwing       | |  0.2
Stealth        | |  0.4

Action                   |  1- 3 |  4- 6 |  7- 9 | 10-12 || total
-------------------------+-------+-------+-------+-------++-------
Melee: War axe           |   133 |   120 |   131 |       ||   384
       Broad axe         |       |       |   153 |    99 ||   252
Throw: Javelin           |       |     2 |     2 |       ||     4
Evoke: Wand              |       |     6 |    16 |     1 ||    23
  Use: Scroll            |     3 |       |     5 |     2 ||    10
       Potion            |       |     1 |     2 |       ||     3
 Stab: Distracted        |       |       |       |     1 ||     1
Armor: Scale mail        |    72 |    36 |    58 |       ||   166
       Plate armour      |       |       |    98 |    63 ||   161
Dodge: Dodged            |    67 |    49 |    95 |    13 ||   224
Block: Buckler           |    39 |    67 |   151 |    48 ||   305
       Reflection        |       |       |     1 |       ||     1
